 Dungeon Crawl Stone Soup version 0.30.1-9-gdf580d7c3d (webtiles) character file.

Game seed: 7086449080774737934

602 Janerl the Covered (level 7, -2/55 HPs)
             Began as a Barachi Fighter on Oct 20, 2023.
             Was a Believer of Zin.
             Splashed by a jelly's acid (4 damage)
             ... on level 5 of the Dungeon.
             The game lasted 00:20:38 (3700 turns).

Janerl the Covered (Barachi Fighter)                Turns: 3700, Time: 00:20:39

Health: -2/55      AC:  1    Str: 17    XL:     7   Next: 41%
Magic:  7/7        EV: 16    Int:  9    God:    Zin [**....]
Gold:   88         SH:  5    Dex: 13    Spells: 6/6 levels left

rFire   + . .        z - +0 short sword (protect)
rCold   x . .        c - +0 buckler
rNeg    + . .        D - +2 leather armour {rN+}
rPois   .            (no helmet)
rElec   .            C - +0 cloak
rCorr   .            (no gloves)
SInv    .            (no boots)
Will    .....        (no amulet)
Stlth   +            f - ring of fire
HPRegen 0.29/turn    q - +5 ring of evasion
MPRegen 0.10/turn

%: no passive effects
@: corroded, under a protective aura, slow
A: amphibious, slowness 1, strong legs 1, +LOS
a: Hop, Renounce Religion, Recite, Vitalisation, Donate Gold


You were on level 5 of the Dungeon.
You worshipped Zin.
Zin was pleased with you.
You visited 1 branch of the dungeon, and saw 5 of its levels.

You collected 102 gold pieces.
You donated 14 gold pieces to Zin.

Inventory:

Hand Weapons
 a - a +0 long sword
 i - a +1 mace of pain
 z - a +0 short sword of protection (weapon)
 B - a +1 whip of electrocution
Missiles
 j - 16 poisoned darts
Armour
 b - a +0 scale mail
 c - a +0 buckler (worn)
 x - a +0 chain mail
 C - a +0 cloak (worn)
 D - a +2 leather armour of positive energy (worn)
Jewellery
 f - a ring of fire (left hand)
 q - a +5 ring of evasion (right hand)
 u - a +5 ring of evasion
Wands
 w - a wand of iceblast (3)
 y - a wand of flame (16)
Scrolls
 e - 3 scrolls of identify {unknown}
 g - 2 scrolls of silence {unknown}
 h - 3 scrolls of enchant weapon {unknown}
 m - 2 scrolls of poison {unknown}
 n - 2 scrolls of immolation {unknown}
 p - 2 scrolls of blinking {unknown}
 s - a scroll of brand weapon {unknown}
 v - a scroll of enchant armour {unknown}
 E - a scroll of vulnerability {unknown}
Potions
 d - a potion of might
 k - a potion of cancellation
 l - a potion of magic {unknown}
 o - a potion of berserk rage {unknown}
 r - 2 potions of haste {unknown}
 t - a potion of mutation {unknown}
 A - a potion of flight {unknown}
 F - 2 potions of heal wounds {unknown}


   Skills:
 + Level 4.8 Fighting
 + Level 2.5(4.0) Short Blades
 + Level 5.3(5.7) Long Blades
 + Level 5.4 Armour
 + Level 2.4 Dodging
 + Level 0.4 Stealth
 + Level 4.6 Shields
 + Level 0.7 Evocations


You had 6 spell levels left.
You didn't know any spells.
Your spell library contained the following spells:

 Spells                   Type           Power      Damage    Failure   Level
 Blink                    Tloc           0%         N/A       67%         2
 Lesser Beckoning         Tloc           0%         N/A       67%         2
 Momentum Strike          Conj/Tloc      0%         3d8       67%         2


Dungeon Overview and Level Annotations

Branches:
Dungeon (5/15)             Temple (0/1) D:4

Altars:
Ashenzari
Dithmenos
Gozag
Uskayaw
Vehumet
Wu Jian
Yredelemnul
Zin


Innate Abilities, Weirdness & Mutations

You are amphibious.
You cover ground slowly.
You can hop short distances.
You have an extended range of vision and can be seen from far away.


Message History

The jelly misses you.
You hit the jelly but do no damage.
Your hands burn!
The jelly is lightly wounded.
Okay, then.
You hit the jelly but do no damage.
Your hands burn!
The jelly is lightly wounded.
The jelly barely misses you.
You hit the jelly.
Your hands burn!
The jelly is moderately wounded.
The jelly barely misses you.
You hit the jelly but do no damage.
Your hands burn!
The jelly is moderately wounded.
The jelly hits you but does no damage.
You hit the jelly but do no damage.
Your hands burn!
The jelly is moderately wounded.
The jelly closely misses you.
You hit the jelly but do no damage. The acid corrodes you!
Your hands burn!
The jelly is moderately wounded.
You block the jelly's attack.
You hit the jelly but do no damage.
Your hands burn!
The jelly is moderately wounded.
You hit the jelly but do no damage.
Your hands burn!
The jelly is moderately wounded.
The jelly misses you.
You hit the jelly.
Your hands burn!
The jelly is moderately wounded.
The jelly barely misses you.
You hit the jelly but do no damage. The acid corrodes you!
Your hands burn!
* * * LOW HITPOINT WARNING * * *
The jelly is moderately wounded.
You block the jelly's attack.
You hit the jelly.
Your hands burn!
* * * LOW HITPOINT WARNING * * *
The jelly is heavily wounded.
The jelly hits you.
* * * LOW HITPOINT WARNING * * *
You are splashed with acid!
* * * LOW HITPOINT WARNING * * *
You hit the jelly.
Your hands burn!
You die...

..####.###...>.......#
.... #.
#............### .....
#..............#
#....#
##.#..........##
##.... ##.##.......###
# ... ..........### .
.#........# ##
.##......##
........@.#
....####.J....... .#..
#.....##.. ##
......<.. #..##..#..
#### ..# . ... ..#. #


You could see a jelly.

Vanquished Creatures
  An ogre (D:4)
  A kobold brigand (D:5)
  3 scorpions
  A howler monkey (D:4)
  2 hounds
  An iguana (D:5)
  4 adders
  A white imp (D:3)
  4 worms
  2 dart slugs
  7 orcs
  4 ball pythons
  6 endoplasms
  8 giant cockroaches
  7 goblins
  6 hobgoblins
  3 quokkas
  10 bats
  6 frilled lizards
  11 kobolds
  5 rats
93 creatures vanquished.

Vanquished Creatures (others)
  A kobold (D:5)
1 creature vanquished.

Grand Total: 94 creatures vanquished

Notes
Turn   | Place    | Note
-------+----------+-------------------------------------------
     0 | D:1      | Janerl the Barachi Fighter began the quest for the Orb.
     0 | D:1      | Reached XP level 1. HP: 18/18 MP: 1/1
   184 | D:1      | Reached XP level 2. HP: 25/25 MP: 2/2
   417 | D:1      | Found a faded altar of an unknown god.
   423 | D:1      | Prayed at the altar of an unknown god.
   423 | D:1      | Became a worshipper of Zin the Law-Giver
   423 | D:1      | Reached * piety under Zin
   424 | D:1      | Donated 4 gold pieces to Zin
   594 | D:1      | Reached XP level 3. HP: 30/30 MP: 3/3
  1082 | D:2      | Reached XP level 4. HP: 35/37 MP: 4/4
  1918 | D:3      | Reached ** piety under Zin
  1938 | D:3      | Found a shadowy altar of Dithmenos.
  1944 | D:3      | Found a basalt altar of Yredelemnul.
  1945 | D:3      | Found a glowing silver altar of Zin.
  1959 | D:3      | Reached XP level 5. HP: 42/42 MP: 5/5
  2207 | D:4      | Noticed an ogre
  2214 | D:4      | Reached skill level 1 in Dodging
  2221 | D:4      | Killed an ogre
  2222 | D:4      | Reached skill level 5 in Long Blades
  2222 | D:4      | Reached XP level 6. HP: 25/49 MP: 6/6
  2628 | D:4      | Found a staircase to the Ecumenical Temple.
  2675 | D:4      | Found a hide-covered altar of Uskayaw.
  2675 | D:4      | Found a radiant altar of Vehumet.
  2675 | D:4      | Found a broken altar of Ashenzari.
  2764 | D:4      | Reached skill level 5 in Armour
  3029 | D:5      | Entered Level 5 of the Dungeon
  3136 | D:5      | Reached skill level 1 in Short Blades
  3279 | D:5      | Found an opulent altar of Gozag.
  3297 | D:5      | Found an ornate altar of the Wu Jian Council.
  3301 | D:5      | Noticed a black bear
  3334 | D:5      | Reached XP level 7. HP: 51/55 MP: 7/7
  3699 | D:5      | HP: 2/55 [acid (11)]
  3700 | D:5      | Splashed by a jelly's acid

Illustrated notes

Levels and vault maps discovered:
D:1:      saegor_arrival_under_anarchy, layout_basic,
          shapermc_ecumenical_altar_mp_ritualfount, st_stairs_10,
          minmay_distorted
D:2:      layout_basic
D:3:      layout_basic, grunt_temple_overflow_open
D:4:      layout_basic, gammafunk_temple_overflow_claw,
          minmay_temple_entry_mini_moons
D:5:      layout_cave_pools, mainiacjoe_overflow_catwalk_spiral, serial_shops,
          nicolae_shop_industrial_runoff

Skill      XL: |  1  2  3  4  5  6  7 |
---------------+----------------------+-----
Long Blades    | 3 4 5 |  5.3
Armour         | 4 5 |  5.4
Fighting       | 4 |  4.8
Dodging        | 1 2 |  2.4
Shields        | 4 |  4.6
Short Blades   | 1 2 |  2.5
Stealth        | |  0.4
Evocations     | |  0.7

Action                     |  1- 3 |  4- 6 |  7- 9 || total
---------------------------+-------+-------+-------++-------
  Melee: Long sword        |   131 |   124 |       ||   255
         Short sword       |       |   175 |   113 ||   288
 Invoke: Donate Gold       |     1 |       |       ||     1
  Evoke: Wand              |       |     6 |       ||     6
    Use: Potion            |       |     3 |       ||     3
 Armour: Scale mail        |    75 |    67 |       ||   142
         Leather armour    |       |    33 |    31 ||    64
  Dodge: Dodged            |    62 |   188 |    75 ||   325
  Block: Buckler           |    32 |    65 |    22 ||   119
